 Dungeon Crawl Stone Soup version 0.21.1-1-g345015f (webtiles) character file.

23 inc the Vexing (level 2, -1/11 HPs)
             Began as a Felid Enchanter on Feb 22, 2018.
             Slain by a rat (3 damage)
             ... on level 2 of the Dungeon.
             The game lasted 00:01:30 (1033 turns).

inc the Vexing (Felid Enchanter)                    Turns: 1033, Time: 00:01:30

Health: -1/11      AC:  1    Str:  4    XL:     2   Next: 75%
Magic:  6/6        EV: 18    Int: 16    God:
Gold:   24         SH:  0    Dex: 16    Spells: 4/5 levels left
                                        Lives:  0   Deaths: 0

rFire    . . .     SeeInvis +     - Unarmed
rCold    . . .     Gourm    .   (shield unavailable)
rNeg     . . .     Faith    .   (armour unavailable)
rPois    .         Spirit   .   (helmet unavailable)
rElec    .         Reflect  .   (cloak unavailable)
rCorr    .         Harm     .   (gloves unavailable)
MR       .....                  (boots unavailable)
Stlth    +++.......             (no amulet)
HPRegen  0.03/turn              (no ring)
MPRegen  0.10/turn              (no ring)

@: quick
A: very small, no armour, no weapons or thrown items, stealth, claws 1, fangs 3,
see invisible, carnivore, speed 1, shaggy fur 1, slow metabolism 1, sharp paws
a: no special abilities


You were on level 2 of the Dungeon.
You were not hungry.

You visited 1 branch of the dungeon, and saw 2 of its levels.

You collected 24 gold pieces.

Inventory:

Jewellery
 f - an uncursed ring of flight {unknown}
Scrolls
 d - a scroll of blinking {unknown}
 e - a scroll of fog {unknown}
Potions
 c - a potion of resistance {unknown}
Books
 a - a book of Maledictions

   Spells                             Type                      Level
   a - Corona                         Hexes                        1
   b - Ensorcelled Hibernation        Hexes/Ice                    2
   c - Confuse                        Hexes                        3
   d - Tukima's Dance                 Hexes                        3
   e - Dazzling Spray                 Conjuration/Hexes            3
Comestibles
 b - 2 rations


   Skills:
 + Level 3.0 Dodging
 + Level 4.3 Stealth
 * Level 1.8 Unarmed Combat
 + Level 2.1 Spellcasting
 + Level 4.6 Hexes


You had 4 spell levels left.
You knew the following spells:

 Your Spells              Type           Power        Failure   Level  Hunger
a - Corona                Hex            ###....      3%          1    #......


Dungeon Overview and Level Annotations

Branches:
Dungeon (2/15)

Altars:


Innate Abilities, Weirdness & Mutations

You cannot wear armour.
You are incapable of wielding weapons or throwing items.
Your paws allow you to move quietly. (Stealth)
You have sharp claws.
You have razor-sharp teeth.
You have supernaturally acute eyesight. (SInv)
You are carnivorous and can eat meat at any time.
You cover ground quickly.
You are covered in fur. (AC +1)
You have a slow metabolism.
Your sharp claws are effective at attacking unaware monsters.


Message History

The kobold is severely wounded.
The kobold barely misses you.
You completely miss the kobold.
The kobold is severely wounded.
The kobold completely misses you.
You completely miss the kobold.
The kobold is severely wounded.
The kobold closely misses you.
You barely miss the kobold.
The kobold is severely wounded.
The kobold closely misses you.
You closely miss the kobold.
The kobold is severely wounded.
The kobold misses you.
You scratch the kobold.
You kill the kobold!
You scratch the rat.
The rat is moderately wounded.
The rat bites you.
You die...

###.....##............
........++.....†...#
#......##....<....#
#.#'#.....#+#####.#
#.#.###.#.# # #.#.#
#.#.# #.#.# #.#.#
#.#.# #.#.#########
#.#.###...#Kr@....+
#.#.....#.#.#######
#.#####^###.#.....r
#.# #.#........# #.#
#.#.#.#.##.# #.#
#...K.#.#
#.#.########..#.#
#.............#.#
###.#......#.##.#


You could see a kobold and a rat.

Vanquished Creatures
  An adder (D:2)
  A leopard gecko (D:2)
  A ball python (D:2)
  A bat (D:1)
  A giant cockroach (D:1)
  2 goblins
  A jackal (D:2)
  3 kobolds
  A rat (D:1)
12 creatures vanquished.

Notes
Turn   | Place    | Note
-------+----------+-------------------------------------------
     0 | D:1      | inc the Felid Enchanter began the quest for the Orb.
     0 | D:1      | Reached XP level 1. HP: 7/7 MP: 4/4
   837 | D:2      | Reached XP level 2. HP: 8/11 MP: 6/6
  1033 | D:2      | Slain by a rat

Skill      XL: |  1  2 |
---------------+-------+-----
Dodging        | 3 |  3.0
Stealth        | |  4.3
Unarmed Combat | |  1.8
Spellcasting   | |  2.1
Hexes          | |  4.6

Action                   || total
-------------------------++-------
Melee: Unarmed           ||    59
       Bite              ||     4
       Punch             ||     1
 Stab: Sleeping          ||     4
  Eat: Chunk             ||     3
Armor: Skin              ||     2
Dodge: Dodged            ||    58
